 Dungeon Crawl Stone Soup version 0.31-a0-161-gb58dd9be76 (webtiles) character file.

Game seed: 16052708086397399552

1446 qw the Cleaver (level 8, -4/51 HPs)
             Began as a Gargoyle Fighter on June 12, 2023.
             Slain by an ogre
             ... wielding a +0 giant spiked club
              (10 damage)
             ... on level 6 of the Dungeon.
             The game lasted 00:02:27 (4454 turns).

qw the Cleaver (Gargoyle Fighter)                   Turns: 4454, Time: 00:02:27

Health: -4/51      AC: 15    Str: 23    XL:     8   Next: 75%
Magic:  8/8        EV:  8    Int: 11    God:
Gold:   348        SH:  4    Dex:  9    Spells: 7/7 levels left

rFire   + . .        Y - +0 war axe
rCold   . . .        c - +0 buckler
rNeg    + . .        k - +0 chain mail
rPois   inf          a - +0 helmet
rElec   +            (no cloak)
rCorr   .            (no gloves)
SInv    +            (no boots)
Will    .....        (no amulet) Stlth
                     q - ring of protection from cold
HPRegen 0.28/turn    b - ring of Zagie {Fire Will- Int+3 SInv}
MPRegen 0.11/turn

%: no passive effects
@: about to teleport
A: sickness immunity, AC +5, negative energy resistance 1, electricity
resistance, torment resistance 1, petrification resistance
a: no special abilities


You were on level 6 of the Dungeon.
You visited 1 branch of the dungeon, and saw 6 of its levels.

You collected 348 gold pieces.


Innate Abilities, Weirdness & Mutations

You are immune to sickness and miasma.
Your stone body is resilient. (AC +5)
You are immune to poison.
You resist negative energy. (rN+)
You are resistant to electric shocks. (rElec)
You are resistant to unholy torment.
You are immune to petrification.


   Skills:
 - Level 6.1 Fighting
 + Level 8.7 Axes
 - Level 3.2 Armour
 - Level 1.0 Dodging
 - Level 3.2 Shields


You had 7 spell levels left.
You didn't know any spells.
Your spell library was empty.

Inventory:

Hand Weapons
 l - a +0 flail
 Y - a +0 war axe (weapon)
Armour
 a - a +0 helmet (worn)
 c - a +0 buckler (worn)
 k - a +0 chain mail (worn)
Jewellery
 b - the ring of Zagie (right hand) {Fire Will- Int+3 SInv}
   (You found it on level 5 of the Dungeon)

   [ring of fire]

   It enhances your fire magic.
   Int:       It affects your intelligence (+3).
   rF:        It protects you from fire.
   rC:        It makes you vulnerable to cold.
   SInv:      It lets you see invisible.
   Will:      It decreases your willpower.
 j - a ring of fire
 q - a ring of protection from cold (left hand)
Wands
 i - a wand of digging (2)
Scrolls
 f - a scroll of identify
Potions
 d - a potion of might
 g - 3 potions of attraction
 h - 2 potions of haste
 m - a potion of lignification
 n - a potion of curing {unknown}
 o - 2 potions of resistance {unknown}

Dungeon Overview and Level Annotations

Branches:
Dungeon (6/15)
 Temple: D:4-7

Altars:
Cheibriados
Makhleb
Qazlal


Message History

The ogre shouts!
The killer bee stings you but does no damage.
The killer bee stings you.
You miss the killer bee. You slash the killer bee!
You block the killer bee's attack.
The killer bee stings you but does no damage. x2
The killer bee barely misses you. The killer bee stings you.
The killer bee stings you but does no damage.
You miss the killer bee.
The killer bee is heavily wounded.
You barely miss the killer bee. The killer bee barely misses you.
The killer bee closely misses you.
The killer bee stings you but does no damage.
You block the killer bee's attack.
You closely miss the killer bee.
The killer bee is heavily wounded.
You hit the killer bee but do no damage.
You block the killer bee's attack. The killer bee stings you.
The killer bee stings you but does no damage.
The killer bee stings you.
You barely miss the killer bee.
The killer bee is heavily wounded.
You miss the killer bee. The killer bee stings you.
The killer bee stings you but does no damage.
The killer bee closely misses you. You block the killer bee's attack.
You slash the killer bee!
You kill the killer bee!
You miss the killer bee. The killer bee barely misses you.
The ogre hits you with a +0 giant spiked club!!
4453 ||| READING scroll of teleportation.
As you read the scroll of teleportation, it crumbles to dust.
You feel strangely unstable.
The killer bee stings you but does no damage.
The phantom hits you but does no damage.
You miss the killer bee. You slash the ogre! You closely miss the phantom.
The killer bee closely misses you.
The ogre hits you with a +0 giant spiked club!
You die...

### # ##.##
..####...##
.......O.#####.#
.......W@......#
.####..y########
#..########
#..........
#.#.######
##########
#.#.#%##
#.........
###.###.#.#
#.#######. ..#
##.## #.# ##
###.###.## #.#


You could see an ogre, a phantom and a killer bee.

Vanquished Creatures
  Eustachio (D:5)
  Menkaure (D:5)
  A sky beast (D:6)
  An ogre (D:5)
  2 centaurs
  4 scorpions (D:5)
  3 killer bees (D:6)
  4 hounds
  An orc priest (D:6)
  2 iguanas (D:5)
  An orc wizard (D:6)
  A mummy (D:4)
  11 adders
  4 gnolls (D:3)
  An ufetubus (D:3)
  A worm (D:4)
  2 dart slugs
  3 orcs
  7 ball pythons
  6 bats
  7 endoplasms
  4 giant cockroaches
  16 goblins
  14 hobgoblins
  9 jackals
  4 quokkas
  A frilled lizard (D:1)
  6 kobolds
  6 rats
124 creatures vanquished.

Notes
Turn   | Place    | Note
-------+----------+-------------------------------------------
     0 | D:1      | qw the Gargoyle Fighter began the quest for the Orb.
     0 | D:1      | Reached XP level 1. HP: 14/14 MP: 1/1
     0 | D:1      | 0 ||| qw: Version: 0.2-a-29-gc1b59c4
     0 | D:1      | 0 ||| qw: Game counter: 4186
     0 | D:1      | 0 ||| qw: Always use a shield: true
     0 | D:1      | 0 ||| qw: God list: Okawaru
     0 | D:1      | 0 ||| qw: Allow faded altars: false
     0 | D:1      | 0 ||| qw: Do Orc after D:15 true
     0 | D:1      | 0 ||| qw: Do second Lair branch before Depths: true
     0 | D:1      | 0 ||| qw: Lair rune preference: random
     0 | D:1      | 0 ||| qw: Plans: Normal, Zot:1-4, Slime:5, God:TSO, Crypt,
                  | Tomb, Abyss, Pan, Hells, Win
     0 | D:1      | 0 ||| PLANNING D:1-11
    10 | D:1      | 10 ||| Stepping ~*~*~tactically~*~*~ (hiding).
    19 | D:1      | Reached skill level 2 in Axes
    58 | D:1      | Reached XP level 2. HP: 19/19 MP: 2/2
   238 | D:1      | Reached skill level 3 in Axes
   253 | D:1      | Reached XP level 3. HP: 23/23 MP: 3/3
   407 | D:1      | 407 ||| READING scroll labelled UPOD UP LAT.
   408 | D:1      | 408 ||| READING 3 scrolls labelled UKLIER QEAT.
   409 | D:1      | 409 ||| READING scroll labelled AZEJIN ATOCSALI.
   414 | D:1      | 414 ||| DRINKING 2 fuming purple potions.
   415 | D:1      | 415 ||| DROPPING 2 scrolls of amnesia.
   483 | D:2      | Reached XP level 4. HP: 21/28 MP: 4/4
   483 | D:2      | 483 ||| FLEEEEING.
   484 | D:2      | 484 ||| FLEEEEING.
   485 | D:2      | 485 ||| FLEEEEING.
   486 | D:2      | 486 ||| FLEEEEING.
   487 | D:2      | 487 ||| FLEEEEING.
   488 | D:2      | 488 ||| FLEEEEING.
   489 | D:2      | 489 ||| FLEEEEING.
   490 | D:2      | 490 ||| FLEEEEING.
   491 | D:2      | 491 ||| FLEEEEING.
   492 | D:2      | 492 ||| FLEEEEING.
   493 | D:2      | 493 ||| FLEEEEING.
   494 | D:2      | 494 ||| FLEEEEING.
   495 | D:2      | 495 ||| FLEEEEING.
   498 | D:2      | 498 ||| FLEEEEING.
   499 | D:2      | 499 ||| FLEEEEING.
   500 | D:2      | 500 ||| FLEEEEING.
   501 | D:2      | 501 ||| FLEEEEING.
   502 | D:2      | 502 ||| FLEEEEING.
   532 | D:2      | Reached skill level 4 in Axes
   560 | D:2      | 560 ||| DROPPING +0 club.
  1176 | D:2      | You fall into a shaft and drop 2 floors!
  1189 | D:4      | Reached XP level 5. HP: 32/32 MP: 5/5
  1196 | D:4      | 1196 ||| Stepping ~*~*~tactically~*~*~ (hiding).
  1356 | D:4      | Found a burning altar of Makhleb.
  1435 | D:4      | 1435 ||| UPGRADING to +0 helmet.
  1440 | D:4      | 1440 ||| READING 5 scrolls labelled QETUOKLAYC.
  1441 | D:4      | 1441 ||| READING 2 scrolls labelled NUTOXKURIE.
  1442 | D:4      | 1442 ||| READING 4 scrolls of identify.
  1442 | D:4      | 1442 ||| IDENTIFYING silvery potion
  1443 | D:4      | 1443 ||| READING 3 scrolls of identify.
  1443 | D:4      | 1443 ||| IDENTIFYING yellow potion
  1444 | D:4      | 1444 ||| READING 2 scrolls of identify.
  1444 | D:4      | 1444 ||| IDENTIFYING bubbling blue potion
  1445 | D:4      | 1445 ||| DROPPING potion of ambrosia.
  1446 | D:4      | 1446 ||| DROPPING potion of brilliance.
  1447 | D:4      | 1447 ||| DROPPING scroll of vulnerability.
  1452 | D:4      | 1452 ||| FLEEEEING.
  1453 | D:4      | 1453 ||| FLEEEEING.
  1454 | D:4      | 1454 ||| STAIRDANCE
  1460 | D:3      | Reached skill level 5 in Axes
  1470 | D:3      | HP: 6/32 [gnoll/+0 spear (5)]
  1471 | D:3      | 1471 ||| READING 2 scrolls of teleportation.
  1555 | D:3      | 1555 ||| FLEEEEING.
  1556 | D:3      | 1556 ||| FLEEEEING.
  1557 | D:3      | 1557 ||| FLEEEEING.
  1558 | D:3      | 1558 ||| STAIRDANCE
  1651 | D:2      | 1651 ||| DROPPING +0 whip.
  2025 | D:3      | 2025 ||| Stepping ~*~*~tactically~*~*~ (stealth).
  2069 | D:3      | 2069 ||| Stepping ~*~*~tactically~*~*~ (stealth).
  2133 | D:3      | 2133 ||| Stepping ~*~*~tactically~*~*~ (stealth).
  2139 | D:3      | Found a stormy altar of Qazlal.
  2153 | D:3      | Reached XP level 6. HP: 32/38 MP: 6/6
  2221 | D:3      | 2221 ||| DROPPING +0 mace.
  2284 | D:3      | Reached skill level 1 in Dodging
  2324 | D:3      | 2324 ||| UPGRADING to +0 chain mail.
  2334 | D:3      | 2334 ||| DROPPING +0 scale mail.
  2335 | D:3      | 2335 ||| READING 2 scrolls of identify.
  2335 | D:3      | 2335 ||| IDENTIFYING bubbling amethyst potion
  2665 | D:4      | 2665 ||| Stepping ~*~*~tactically~*~*~ (hiding).
  2669 | D:4      | 2669 ||| Stepping ~*~*~tactically~*~*~ (hiding).
  2672 | D:4      | 2672 ||| Stepping ~*~*~tactically~*~*~ (hiding).
  2673 | D:4      | 2673 ||| Stepping ~*~*~tactically~*~*~ (hiding).
  2674 | D:4      | 2674 ||| Stepping ~*~*~tactically~*~*~ (hiding).
  2675 | D:4      | 2675 ||| Stepping ~*~*~tactically~*~*~ (hiding).
  2676 | D:4      | 2676 ||| Stepping ~*~*~tactically~*~*~ (hiding).
  3097 | D:4      | Found a snail-covered altar of Cheibriados.
  3098 | D:4      | 3098 ||| UPGRADING to ring of protection from cold.
  3099 | D:4      | 3099 ||| DROPPING ring of wizardry.
  3100 | D:4      | 3100 ||| READING 2 scrolls labelled GUDOER ROID.
  3175 | D:4      | 3175 ||| READING scroll labelled ULODACKUTS.
  3176 | D:4      | 3176 ||| READING scroll labelled HUKKECVOEKK.
  3177 | D:4      | 3177 ||| DROPPING scroll of fear.
  3236 | D:5      | Entered Level 5 of the Dungeon
  3339 | D:5      | Reached skill level 6 in Axes
  3442 | D:5      | Reached XP level 7. HP: 43/43 MP: 7/7
  3576 | D:5      | Reached skill level 7 in Axes
  3687 | D:5      | Noticed Eustachio
  3703 | D:5      | Killed Eustachio
  3704 | D:5      | Reached XP level 8. HP: 37/49 MP: 8/8
  3896 | D:5      | Noticed Menkaure
  3898 | D:5      | 3898 ||| FLEEEEING.
  3899 | D:5      | 3899 ||| FLEEEEING.
  3900 | D:5      | 3900 ||| FLEEEEING.
  3901 | D:5      | 3901 ||| FLEEEEING.
  3916 | D:5      | 3916 ||| FLEEEEING.
  3917 | D:5      | 3917 ||| FLEEEEING.
  3918 | D:5      | 3918 ||| FLEEEEING.
  3921 | D:5      | 3921 ||| FLEEEEING.
  3922 | D:5      | 3922 ||| FLEEEEING.
  3923 | D:5      | 3923 ||| FLEEEEING.
  3935 | D:5      | 3935 ||| FLEEEEING.
  3936 | D:5      | 3936 ||| FLEEEEING.
  3937 | D:5      | 3937 ||| FLEEEEING.
  3938 | D:5      | 3938 ||| FLEEEEING.
  3961 | D:5      | Killed Menkaure
  3962 | D:5      | Reached skill level 8 in Axes
  4147 | D:5      | Identified the ring of Zagie {Fire Will- Int+3 SInv}
  4154 | D:5      | 4154 ||| UPGRADING to ring of Zagie {Fire Will- Int+3
                  | SInv}.
  4155 | D:5      | 4155 ||| READING 2 scrolls of identify.
  4155 | D:5      | 4155 ||| IDENTIFYING fuming yellow potion
  4156 | D:5      | 4156 ||| DROPPING potion of berserk rage.
  4249 | D:6      | Reached skill level 6 in Fighting
  4370 | D:6      | 4370 ||| Stepping ~*~*~tactically~*~*~ (hiding).
  4452 | D:6      | HP: 5/51 [ogre/+0 giant spiked club (25)]
  4453 | D:6      | 4453 ||| READING scroll of teleportation.
  4454 | D:6      | Slain by an ogre

Levels and vault maps discovered:
D:1:      spicycebolla_arrival_xxxplode, layout_rooms
D:2:      cheibrodos_greedy_goblins, layout_basic
D:3:      layout_loops_cross, mainiacjoe_overflow_24_doors
D:4:      cheibrodos_old_hovel, layout_loops_ring, makhleb_heckhound_becter,
          chei_slow_surprise, roderic_lattice_a
D:5:      layout_loops_ring, chequers_serial_rivers_micro_b, uniq_menkaure,
          uniq_eustachio
D:6:      layout_loops_ring

Skill      XL: |  1  2  3  4  5  6  7  8 |
---------------+-------------------------+-----
Axes           | 2 3 4 5 6 7 8 |  8.7
Fighting       | 4 5 6 |  6.1
Dodging        | 1 |  1.0
Armour         | |  3.2
Shields        | |  3.2

Action                     |  1- 3 |  4- 6 |  7- 9 || total
---------------------------+-------+-------+-------++-------
  Melee: War axe           |    69 |   220 |   100 ||   389
  Throw: Boomerang         |    20 |    46 |       ||    66
    Use: Scroll            |     3 |    10 |     2 ||    15
         Potion            |     1 |       |       ||     1
 Armour: Scale mail        |    41 |    67 |       ||   108
         Chain mail        |       |    35 |    63 ||    98
  Dodge: Dodged            |    38 |    91 |    48 ||   177
  Block: Buckler           |     9 |    46 |    16 ||    71

Table legend:
 A = Non-vault XP
 B = Vault XP
 C = Vault XP percentage of total XP
 D = Non-vault monster count
 E = Vault monster count
 F = Vault count percentage of total count
                 A         B        C        D         E       F
            +---------+---------+-------+---------+---------+-------
      Total |    1625 |     441 |  21.3 |     106 |      18 |  14.5
            +---------+---------+-------+---------+---------+-------
        D:1 |      48 |       0 |   0.0 |      26 |       0 |   0.0
        D:2 |      92 |      25 |  21.4 |      22 |      13 |  37.1
        D:3 |     106 |       0 |   0.0 |      22 |       0 |   0.0
        D:4 |      86 |      63 |  42.3 |      14 |       3 |  17.6
        D:5 |     780 |     353 |  31.2 |      13 |       2 |  13.3
        D:6 |     513 |       0 |   0.0 |       9 |       0 |   0.0
            +---------+---------+-------+---------+---------+-------
